 Dungeon Crawl Stone Soup version 0.26-a0-812-g31a745ddcd (webtiles) character file.

Game seed: 13371713934018763249

9338 Azzok the Blocker (level 11, -14/75 HPs)
             Began as a Formicid Fighter on Dec 5, 2020.
             Was a High Priest of Okawaru.
             Demolished by an orc warrior
             ... wielding a +0 halberd
              (18 damage)
             ... in a bailey.
             The game lasted 00:15:05 (12114 turns).

Azzok the Blocker (Formicid Fighter)               Turns: 12114, Time: 00:15:06

Health: -14/75     AC: 16    Str: 24    XL:     11   Next: 72%
Magic:  26/27      EV:  9    Int:  8    God:    Okawaru [*****.]
Gold:   681        SH: 17    Dex: 10    Spells: 10/10 levels left

rFire    . . .     SeeInvis +   I - +5 broad axe (freeze)
rCold    . . .     Faith    +   q - +2 kite shield
rNeg     . . .     Spirit   .   a - +0 plate armour
rPois    .         Reflect  .   (helmet unavailable)
rElec    .         Harm     .   (no cloak)
rCorr    +         Rampage  .   G - +0 pair of gloves
MR       +....                  x - +0 pair of boots {run}
Stlth    ..........             h - amulet of faith
HPRegen  0.22/turn              J - ring of resist corrosion
MPRegen  0.20/turn              p - ring of Cahe {+Blink +Inv MP+9 Slay+6}

@: heroism, quick
A: permanent stasis, dig shafts and tunnels, four strong arms, antennae 3
a: Dig, Shaft Self, Heroism, Finesse, Renounce Religion, Evoke Invisibility


You were in a bailey.
You worshipped Okawaru.
Okawaru was extremely pleased with you.
You visited 1 branch of the dungeon, and saw 11 of its levels.
You also visited: Ossuary and Bailey.

You collected 681 gold pieces.

Inventory:

Hand Weapons
 r - a +2 vorpal flail
 I - a +5 broad axe of freezing (weapon)
Armour
 a - a +0 plate armour (worn)
 q - a +2 kite shield (worn)
 x - a +0 pair of boots of running (worn)
 G - a +0 pair of gloves (worn)
Jewellery
 h - an amulet of faith (around neck)
 p - the ring of Cahe (right hand) {+Blink +Inv MP+9 Slay+6}
   (You found it on level 6 of the Dungeon)

   [ring of magical power]

   It affects your accuracy and damage with ranged weapons and melee attacks
   (+6).
   It affects your magic capacity (+9).
   It lets you turn invisible.
   It lets you blink.
 D - an uncursed ring of protection from cold
 J - a ring of resist corrosion (left hand)
Wands
 b - a wand of acid (9)
 y - a wand of iceblast (13)
 z - a wand of polymorph (14)
 F - a wand of disintegration (6)
 H - a wand of enslavement (10)
Scrolls
 f - a scroll of amnesia
 g - 5 scrolls of magic mapping
 i - 5 scrolls of teleportation {unknown}
 m - 3 scrolls of enchant weapon
 s - 2 scrolls of fear {unknown}
 t - 5 scrolls of identify
 u - 3 scrolls of remove curse
 v - 2 scrolls of random uselessness {unknown}
 w - 2 scrolls of acquirement {unknown}
 B - a scroll of fog {unknown}
 E - 2 scrolls of noise {unknown}
 K - 2 scrolls of vulnerability {unknown}
Potions
 c - 4 potions of lignification
 d - a potion of might
 e - a potion of flight
 j - 3 potions of brilliance
 k - 6 potions of heal wounds
 l - a potion of cancellation {unknown}
 n - 10 potions of curing
 o - 3 potions of attraction
 A - a potion of mutation {unknown}
 C - a potion of degeneration {unknown}
 L - a potion of resistance {unknown}


   Skills:
 - Level 3.2(8.2) Fighting
 + Level 11.1(16.1) Axes
 - Level 3.2(8.2) Armour
 + Level 13.1(18.1) Shields
 + Level 9.9 Invocations


You had 10 spell levels left.
You didn't know any spells.
Your spell library contained the following spells:

 Spells                   Type           Power        Failure   Level
 Apportation              Tloc           #.....       99%         1
 Lesser Beckoning         Tloc           #.........   100%        3
 Tukima's Dance           Hex            #.......     100%        3
 Alistair's Intoxication  Tmut/Pois      #........    100%        5
 Invisibility             Hex            #.......     100%        6


Dungeon Overview and Level Annotations

Branches:
Dungeon (11/15)            Temple (0/1) D:6            Lair (0/6) D:9
    Orc (0/2) D:11        Ossuary (visited)          Bailey (1/1)

Altars:
Dithmenos
Hepliaklqana
Makhleb
Okawaru
Ru
Trog
Uskayaw

Shops:
D:4 [   D:8 !(

Annotations:
D:10 1 runed translucent door, kae's ghost, novice MiFi


Innate Abilities, Weirdness & Mutations

You cannot be hasted, slowed, berserked, paralysed or teleported.
You can dig through walls and to a lower floor.
Your four strong arms can wield two-handed weapons with a shield.
You have a pair of large antennae on your head. (SInv)


Message History

You block the orc warrior's attack. You block the orc warrior's attack. x2
Things that are here:
a +0 glaive; a +0 scale mail; an orc corpse You slash the orc warrior!
You freeze the orc warrior.
The orc warrior is severely wounded.
You closely miss the orc. You block the orc's attack.
The orc warrior barely misses you. You block the orc's attack.
You hit the orc warrior. You freeze the orc warrior.
You kill the orc warrior!
Okawaru accepts your kill.
You slash the orc! You freeze the orc.
You kill the orc!
Okawaru accepts your kill. You block the orc warrior's attack.
The orc warrior hits you but does no damage.
The orc barely misses you. You block the orc warrior's attack.
The orc warrior hits you with a +0 halberd!!
You die...

▒▒▒▒▒▒▒ ▒▒▒▒▒▒▒
▒·····▒▒▒▒▒▒▒▒▒·····▒▒
·······▒·····▒···)···╬
·)·····'·····'·)·))··╬
))·····'·····'··@))··╬
·)·····'·····'·ooo)··╬
·······▒·····▒·······╬
▒·····▒▒▒▒▒▒▒▒▒·····▒▒
▒▒▒▒▒▒▒ ▒▒▒▒▒▒▒


You could see 2 orc warriors and an orc.

Vanquished Creatures
  An unseen horror (D:11)
  Psyche (D:10)
  A komodo dragon (D:9)
  2 trolls
  Grinder (D:5)
  6 yaks (D:10)
  A vampire (D:10)
  Menkaure (D:5)
  A soldier ant (D:9)
  A water moccasin (D:10)
  Duvessa (D:7)
  3 black bears
  4 sky beasts
  A phantom (D:7)
  10 orc warriors
  3 ice beasts
  6 ogres
  3 centaurs
  3 big kobolds
  2 elf zombies
  3 gnoll sergeants (D:8)
  5 bullfrogs
  Dowan (D:7)
  2 elf skeletons (D:5)
  A scorpion (D:5)
  A wyvern skeleton (D:5)
  3 wights (D:8)
  A howler monkey (D:4)
  3 centaur zombies
  9 hounds
  2 human zombies
  2 jellies
  8 orc priests
  A bullfrog skeleton (D:4)
  2 centaur skeletons
  Jessica (D:2)
  4 iguanas
  Ijyb (D:3)
  6 orc wizards
  10 worker ants
  2 big kobold zombies (Ossuary)
  A hound zombie (D:8)
  2 hound skeletons
  2 mummies (Ossuary)
  2 howler monkey skeletons
  26 gnolls
  11 adders
  5 white imps
  3 ufetubi
  An ooze (D:4)
  2 adder skeletons
  2 adder zombies (D:9)
  2 worms
  3 dart slugs
  4 leopard geckos
  63 orcs
  3 ball pythons
  6 giant cockroaches
  6 goblins
  15 hobgoblins
  13 jackals
  2 quokkas
  10 bats
  8 frilled lizards
  A goblin zombie (Ossuary)
  8 hobgoblin zombies (Ossuary)
  A jackal skeleton (D:4)
  2 jackal zombies
  10 kobolds
  9 kobold zombies (Ossuary)
  An orc skeleton (D:5)
  12 orc zombies
  A quokka skeleton (D:6)
  A quokka zombie (D:7)
  10 rats
  A rat zombie (Ossuary)
369 creatures vanquished.

Vanquished Creatures (others)
  An ice beast (D:8)
  A centaur skeleton (D:8)
  3 plants (D:9)
5 creatures vanquished.

Grand Total: 374 creatures vanquished

Notes
Turn   | Place    | Note
-------+----------+-------------------------------------------
     0 | D:1      | Azzok the Formicid Fighter began the quest for the Orb.
     0 | D:1      | Reached XP level 1. HP: 18/18 MP: 1/1
    73 | D:1      | Reached XP level 2. HP: 19/24 MP: 2/2
    80 | D:1      | Reached skill level 4 in Shields
   374 | D:1      | Reached XP level 3. HP: 28/29 MP: 3/3
   983 | D:2      | Reached XP level 4. HP: 35/35 MP: 4/4
  1139 | D:2      | Found an iron altar of Okawaru.
  1147 | D:2      | Became a worshipper of Warmaster Okawaru
  1386 | D:2      | Reached skill level 5 in Shields
  1412 | D:2      | Noticed Jessica
  1415 | D:2      | Killed Jessica
  1415 | D:2      | Reached XP level 5. HP: 41/41 MP: 5/5
  2230 | D:3      | Noticed Ijyb
  2249 | D:3      | Killed Ijyb
  2249 | D:3      | Reached * piety under Okawaru
  2284 | D:3      | Reached XP level 6. HP: 47/47 MP: 4/6
  2288 | D:3      | Reached skill level 6 in Shields
  3186 | D:4      | Reached skill level 5 in Axes
  3274 | D:4      | Reached XP level 7. HP: 52/52 MP: 7/7
  3456 | D:4      | Reached skill level 7 in Shields
  3531 | D:4      | Found Saysirr's Armour Shop.
  3739 | D:4      | Reached ** piety under Okawaru
  3836 | D:4      | Found a shadowy altar of Dithmenos.
  4356 | D:5      | Entered Level 5 of the Dungeon
  4397 | D:5      | Reached XP level 8. HP: 53/58 MP: 8/8
  4408 | D:5      | Reached skill level 8 in Shields
  4515 | D:5      | Found a sand-covered staircase.
  4527 | Ossuary  | Entered an ossuary
  4898 | Ossuary  | Reached skill level 9 in Shields
  5315 | D:5      | Noticed Grinder
  5329 | D:5      | Killed Grinder
  5329 | D:5      | Reached *** piety under Okawaru
  5329 | D:5      | Reached XP level 9. HP: 49/64 MP: 5/10
  5487 | D:5      | Found a bloodstained altar of Trog.
  5487 | D:5      | Found a sacrificial altar of Ru.
  5517 | D:5      | Noticed Menkaure
  5533 | D:5      | Killed Menkaure
  5537 | D:5      | Reached skill level 10 in Shields
  5715 | D:5      | Found a hide-covered altar of Uskayaw.
  5720 | D:5      | Noticed a +0 dagger
  5720 | D:5      | Noticed a +0 dagger
  6339 | D:6      | Reached **** piety under Okawaru
  6820 | D:6      | Found a staircase to the Ecumenical Temple.
  7129 | D:6      | Got a scintillating amber ring
  7463 | D:7      | Identified the ring of Cahe {+Blink +Inv MP+9 Slay+6} (You
                  | found it on level 6 of the Dungeon)
  7483 | D:7      | Noticed Dowan
  7484 | D:7      | Noticed Duvessa
  7503 | D:7      | Killed Duvessa
  7503 | D:7      | Reached skill level 5 in Invocations
  7514 | D:7      | Killed Dowan
  7587 | D:7      | Reached XP level 10. HP: 57/70 MP: 14/14
  8030 | D:7      | Reached ***** piety under Okawaru
  8030 | D:7      | Reached skill level 11 in Shields
  8376 | D:8      | Found Boewkann's Weapon Emporium.
  8981 | D:8      | Found a burning altar of Makhleb.
  9351 | D:8      | Found Zixufej's Distillery.
  9859 | D:9      | Found a hazy altar of Hepliaklqana.
  9878 | D:9      | Received a gift from Okawaru
 10073 | D:9      | Reached skill level 10 in Axes
 10073 | D:9      | Reached skill level 12 in Shields
 10075 | D:9      | Found a staircase to the Lair.
 10238 | D:9      | Noticed a komodo dragon
 10250 | D:9      | Killed a komodo dragon
 10337 | D:9      | Reached XP level 11. HP: 75/75 MP: 17/17
 10480 | D:10     | Entered Level 10 of the Dungeon
 10798 | D:10     | Found a runed translucent door.
 10798 | D:10     | Noticed kae's ghost (novice MiFi)
 10814 | D:10     | Reached ****** piety under Okawaru
 10817 | D:10     | Received a gift from Okawaru
 10968 | D:10     | Identified a +0 pair of boots of running (Okawaru gifted it
                  | to you on level 10 of the Dungeon)
 11373 | D:11     | Noticed Psyche
 11373 | D:11     | Noticed an unseen horror
 11378 | D:11     | Killed an unseen horror
 11387 | D:10     | HP: 3/75 [troll (10)]
 11390 | D:10     | Killed Psyche
 11394 | D:10     | HP: 2/75 [poisoned by Psyche]
 11402 | D:10     | HP: 2/75 [poisoned by Psyche]
 11851 | D:11     | Reached skill level 13 in Shields
 11875 | D:11     | Found a flagged portal.
 11884 | Bailey   | Entered a bailey
 12109 | Bailey   | HP: 3/75 [orc/+0 halberd (2)]
 12114 | Bailey   | Demolished by an orc warrior

Illustrated notes

Levels and vault maps discovered:
D:1:      psy_arrival_dodecagon, layout_basic, minmay_misc_feat_chi
D:2:      layout_loops_cross, kennysheep_okawaru_gauntlet, uniq_jessica
D:3:      layout_basic, minmay_statues_item, chequers_serial_rivers_small_3,
          kennysheep_generic_room_9, uniq_ijyb
D:4:      layout_basic, serial_shops, shop, nicolae_dithmenos_the_darkroom
D:5:      layout_loops_ring, gammafunk_temple_overflow_elements,
          dancing_weapons_uskayaw, nicolae_ossuary_entry_catacombs,
          uniq_menkaure, uniq_grinder
D:6:      minmay_bubble_buster, layout_basic, minmay_temple_entry_wispy
D:7:      layout_rooms, uniq_duvessa
D:8:      layout_cave_pools, marbit_many_paths, serial_gnoll_camp,
          gnoll_camp_mini_doghouse, gnoll_camp_mini_house,
          gnoll_camp_mini_sergeant, gnoll_camp_mini_house, gnoll_camp_mini_shop,
          gnoll_camp_mini_shop, lemuel_flamethrower_2
D:9:      layout_cave_pools, nicolae_overflow_crystal_walls, david_lair_shrubbed
D:10:     minmay_evil_eye, layout_irregular_city, ebering_ghost_inner_flame,
          kennysheep_generic_room_13
D:11:     layout_gridville, hiddenorc2_lemuel, enter_bailey_2, uniq_fannar,
          uniq_psyche, uniq_snorg
Bailey:   bailey_polearm_5, bailey

Skill      XL: |  1  2  3  4  5  6  7  8  9 10 11 |
---------------+----------------------------------+-----
Shields        | 4 5 6 7 9 10 12 13 | 13.1
Axes           | 3 4 5 6 7 8 10 11 | 11.1
Invocations    | 2 5 8 9 |  9.9
Fighting       | |  3.2
Armour         | |  3.2

Action                   |  1- 3 |  4- 6 |  7- 9 | 10-12 || total
-------------------------+-------+-------+-------+-------++-------
Melee: War axe           |    82 |   188 |   465 |   213 ||   948
       Broad axe         |       |       |       |   126 ||   126
Invok: Heroism           |       |       |     1 |     2 ||     3
       Finesse           |       |       |       |     1 ||     1
  Use: Scroll            |       |     1 |    10 |     2 ||    13
Armor: Scale mail        |    32 |    88 |     9 |       ||   129
       Chain mail        |       |       |    85 |    70 ||   155
       Plate armour      |       |       |       |    61 ||    61
Dodge: Dodged            |    24 |    75 |    98 |   112 ||   309
Block: Kite shield       |    43 |   152 |   277 |   316 ||   788

Table legend: (Time is in decaauts)
 A = Elapsed time spent in this place.
 B = Non-inter-level travel time spent in this place.
 C = Inter-level travel time spent in this place.
 D = Time resting spent in this place.
 E = Time spent auto-exploring this place.
 F = Levels seen in this place.
 G = Mean time per level.
                   A        B        C        D        E       F      G
               +--------+--------+--------+--------+--------+-----+--------+
         Total |  12259 |  11982 |    277 |   2428 |   6845 |  13 |  943.0 |
       Dungeon |  11500 |  11223 |    277 |   2107 |   6754 |  11 | 1045.5 |
       Ossuary |    531 |    531 |      0 |    234 |     46 |   1 |  531.0 |
        Bailey |    227 |    227 |      0 |     87 |     45 |   1 |  227.0 |
               +--------+--------+--------+--------+--------+-----+--------+

Top non-repeatable levels by time:
     D:5: 1473 daAuts
     D:3: 1393 daAuts
    D:10: 1326 daAuts
     D:4: 1215 daAuts
     D:8: 1204 daAuts
     D:6: 1140 daAuts
     D:2: 1003 daAuts
     D:9: 956 daAuts
     D:7: 876 daAuts
     D:1: 861 daAuts
 Ossuary: 531 daAuts
  Bailey: 227 daAuts
    D:11: 47 daAuts
